Edmonton Oilers vs Winnipeg Jets
(R2)
Created - Wednesday, August 28, 2024 at 08:11
Goals
|
| Edmonton Oilers |
1 |
2 |
0 |
3 |
| Winnipeg Jets |
1 |
2 |
2 |
5 |
|
Shots
|
| Edmonton Oilers |
16 |
9 |
10 |
35 |
| Winnipeg Jets |
10 |
9 |
16 |
35 |
|
1st period
1. Winnipeg Jets , Connor McDavid 6 (Alexis Lafreniere 5, Oliver Kylington 3) at 12:08 (PP)
2. Edmonton Oilers , Adrian Kempe 6 (Jacob Trouba 3, Boone Jenner 6) at 18:19
Penalties :
Tom Wilson (WPG) for Hooking (Minor) at 5:14, Corey Perry (EDM) for High sticking (Minor) at 8:15, Adrian Kempe (EDM) for Slashing (Minor) at 11:20, David Perron (EDM) for Roughing (Minor) at 12:47
2nd period
3. Winnipeg Jets , Andre Burakovsky 1 (Connor Bedard 4) at 0:53
4. Edmonton Oilers , Jacob Trouba 1 (Boone Jenner 7, Adrian Kempe 3) at 14:58 (PP)
5. Winnipeg Jets , Oliver Ekman-Larsson 2 (Connor McDavid 5) at 17:36 (PP)
6. Edmonton Oilers , Brett Pesce 1 (David Perron 3, Brock Boeser 3) at 18:04 (PP)
Penalties :
Oliver Kylington (WPG) for High sticking (Minor) at 4:27, Corey Perry (EDM) for Delaying the game (Minor) at 7:39, Brayden Pachal (WPG) for Delaying the game (Minor) at 14:09, Jake DeBrusk (EDM) for High sticking (Minor) at 17:02, Jason Zucker (WPG) for Tripping (Minor) at 17:47
3rd period
7. Winnipeg Jets , Olen Zellweger 1 (Oliver Ekman-Larsson 3, Connor Bedard 5) at 6:12 (PP)
8. Winnipeg Jets , Tom Wilson 2 (Connor McDavid 6, Alexis Lafreniere 6) at 19:54
Penalties :
Brayden Pachal (WPG) for Hooking (Minor) at 1:59, Adrian Kempe (EDM) for Boarding (Minor) at 5:29, Oliver Ekman-Larsson (WPG) for Tripping (Minor) at 6:55, Brayden Pachal (WPG) for Boarding (Minor) at 10:11, Tom Wilson (WPG) for Elbowing (Minor) at 17:03
Goalie Stats
Juuse Saros (EDM), 30 saves from 35 shots - (0.857), L, 1-7-0, 60:00 minutes
Ukko-Pekka Luukkonen (WPG), 32 saves from 35 shots - (0.914), W, 4-3-2, 60:00 minutes
Players Stats for Edmonton Oilers
Player Name G A P +/- PIM S H SB GA TA FO MP PP MP PK MP
------------------------------------------------------------------------------------
Adrian Kempe 1 1 2 1 4 5 0 0 1 0 2/2 17:06 6:40 0:00
Alex Iafallo 0 0 0 0 0 1 0 0 1 0 0/0 8:13 0:00 0:00
Boone Jenner 0 2 2 1 0 3 2 0 1 0 1/1 21:32 6:48 4:05
Brandon Carlo 0 0 0 -1 0 2 1 1 0 1 0/0 25:08 6:07 4:12
Brett Pesce 1 0 1 0 0 1 1 3 0 1 0/0 19:06 6:53 0:14
Brock Boeser 0 1 1 -1 0 5 3 0 2 1 0/0 19:44 6:12 3:55
Corey Perry 0 0 0 0 4 2 1 0 0 0 0/2 9:55 0:00 0:00
David Perron 0 1 1 -1 2 4 0 0 1 0 3/3 18:40 6:12 2:52
Dawson Mercer 0 0 0 -1 0 2 2 0 1 0 3/8 11:46 0:00 1:06
Evan Bouchard 0 0 0 0 0 0 1 1 0 1 0/0 22:23 6:53 3:36
Jacob Trouba 1 1 2 -1 0 2 0 0 0 1 0/0 25:13 6:07 4:12
Jake DeBrusk 0 0 0 -1 2 1 1 0 0 0 0/2 10:38 0:08 0:02
Jeff Carter 0 0 0 -1 0 1 1 0 0 0 11/25 15:49 6:12 0:00
Mikael Backlund 0 0 0 1 0 4 3 1 2 0 14/24 21:12 6:40 4:04
Morgan Barron 0 0 0 -1 0 0 1 1 0 0 1/2 9:04 0:08 0:00
Rasmus Ristolainen 0 0 0 0 0 1 3 1 0 2 0/0 15:52 0:00 3:36
Ryan McLeod 0 0 0 0 0 0 0 0 1 0 2/2 8:13 0:00 0:00
Scott Mayfield 0 0 0 0 0 1 1 1 0 0 0/0 12:18 0:00 0:14
Players Stats for Winnipeg Jets
Player Name G A P +/- PIM S H SB GA TA FO MP PP MP PK MP
------------------------------------------------------------------------------------
Adam Lowry 0 0 0 0 0 2 2 1 0 0 5/13 10:28 0:00 0:00
Alexis Lafreniere 0 2 2 0 0 1 0 0 1 0 1/5 21:11 4:03 6:06
Andre Burakovsky 1 0 1 1 0 1 2 0 1 0 0/0 10:16 0:00 0:00
Barclay Goodrow 0 0 0 0 0 2 2 0 0 0 0/0 10:20 0:00 0:00
Brayden Pachal 0 0 0 0 6 0 0 0 0 1 0/0 12:09 0:58 0:00
Connor Bedard 0 2 2 1 0 1 2 2 1 0 6/17 20:54 3:59 5:51
Connor McDavid 1 2 3 0 0 3 1 0 3 1 17/29 21:28 3:53 5:42
Dylan Samberg 0 0 0 0 0 2 0 2 0 0 0/0 18:07 0:00 6:06
Jason Zucker 0 0 0 1 2 0 0 0 0 0 0/0 12:32 0:00 2:17
Joel Armia 0 0 0 0 0 3 0 0 0 0 1/1 10:00 3:59 0:00
Mason Appleton 0 0 0 0 0 2 0 0 0 1 0/0 14:40 3:59 0:33
Olen Zellweger 1 0 1 0 0 3 1 1 0 0 0/0 16:38 4:07 2:02
Oliver Ekman-Larsson 1 1 2 1 2 1 2 1 0 1 0/0 26:14 3:38 5:41
Oliver Kylington 0 1 1 1 2 2 0 0 0 2 0/0 25:23 3:26 5:32
Olli Maatta 0 0 0 0 0 1 0 1 0 2 0/0 22:07 3:55 6:06
Ridly Greig 0 0 0 0 0 2 0 1 0 0 2/3 6:53 0:10 0:00
Sam Steel 0 0 0 0 0 2 0 0 0 1 0/0 7:46 0:00 1:52
Tom Wilson 1 0 1 0 4 7 2 1 1 1 2/3 19:46 4:03 4:12
3 Stars
1 - Connor McDavid (WPG)
2 - Oliver Ekman-Larsson (WPG)
3 - Connor Bedard (WPG)
Power Play
Edmonton Oilers - 2 on 8 Attempt(s) - 25.00%
Winnipeg Jets - 3 on 6 Attempt(s) - 50.00%
Penalty Kill
Edmonton Oilers - 3 on 6 Attempt(s) - 50.00%
- Score 0 goal in Penalty Kill
Winnipeg Jets - 6 on 8 Attempt(s) - 75.00%
- Score 0 goal in Penalty Kill
Team Stat
Edmonton Oilers - Hits : 21 - Faceoff Wins : 37 - Blocked Shots : 9 - Penalty Minutes : 12
Winnipeg Jets - Hits : 14 - Faceoff Wins : 34 - Blocked Shots : 10 - Penalty Minutes : 16
Official
Referees : Ghislain Hebert and Jake Brenk
Linesman : Andrew Smith and Justin Johnson
Game Notes
No Game Note
Finance
Level 1 -- Attendance: 5788 (96.47%) -- Ticket Income $532,496
Level 2 -- Attendance: 4975 (99.50%) -- Ticket Income $273,625
Level 3 -- Attendance: 2876 (95.87%) -- Ticket Income $86,280
Level 4 -- Attendance: 4311 (86.22%) -- Ticket Income $94,842
Luxury Box -- Attendance: 860 (86.00%) -- Ticket Income $163,400
Game was played at the MTS Centre.
Total Attendance: 18810 (94.05%)
Total Ticket Income: $1,150,643
Other Income: $402,725
Total Income: $1,553,368
Edmonton Oilers
5 vs 5 Forward
Center Left Wing Right Wing Time % Phy DF OF
1 Mikael Backlund Boone Jenner Adrian Kempe 30 1 2 2
2 Jeff Carter David Perron Brock Boeser 30 1 2 2
3 Dawson Mercer Jake DeBrusk Corey Perry 25 1 2 2
4 Ryan McLeod Morgan Barron Alex Iafallo 15 1 2 2
5 vs 5 Defense
Defense Defense Time % Phy DF OF
1 Brandon Carlo Jacob Trouba 35 1 2 2
2 Evan Bouchard Scott Mayfield 35 1 2 2
3 Brett Pesce Rasmus Ristolainen 30 1 2 2
4 Brandon Carlo Jacob Trouba 0 1 2 2
PowerPlay Forward
Center Left Wing Right Wing Time % Phy DF OF
1 Mikael Backlund Boone Jenner Adrian Kempe 50 1 2 2
2 Jeff Carter David Perron Brock Boeser 50 1 2 2
PowerPlay Defense
Defense Defense Time % Phy DF OF
1 Brandon Carlo Jacob Trouba 50 1 2 2
2 Evan Bouchard Brett Pesce 50 1 2 2
Penalty Kill 4 Players Forward
Center Wing Time % Phy DF OF
1 David Perron Brock Boeser 50 1 2 2
2 Mikael Backlund Boone Jenner 50 1 2 2
Penalty Kill 4 Players Defense
Defense Defense Time % Phy DF OF
1 Brandon Carlo Jacob Trouba 50 1 2 2
2 Evan Bouchard Rasmus Ristolainen 50 1 2 2
Penalty Kill - 3 Players Forward
Forward Time % Phy DF OF
1 Boone Jenner 50 1 2 2
2 Brock Boeser 50 1 2 2
Penalty Kill - 3 Players Defense
Defense Defense Time % Phy DF OF
1 Brandon Carlo Jacob Trouba 50 1 2 2
2 Evan Bouchard Rasmus Ristolainen 50 1 2 2
4 vs 4 Forward
Center Wing Time % Phy DF OF
1 Jake DeBrusk Brock Boeser 50 1 2 2
2 Mikael Backlund Boone Jenner 50 1 2 2
4 vs 4 Defense
Defense Defense Time % Phy DF OF
1 Brandon Carlo Jacob Trouba 50 1 2 2
2 Evan Bouchard Brett Pesce 50 1 2 2
Last Minutes Offensive
Center Left Wing Right Wing Defense Defense
Mikael Backlund Boone Jenner Adrian Kempe Brandon Carlo Jacob Trouba
Last Minutes Defensive
Center Left Wing Right Wing Defense Defense
Mikael Backlund Boone Jenner Adrian Kempe Brandon Carlo Jacob Trouba
Goaltenders
Starting : Juuse Saros
Backup : Matt Murray
Extra Forwards
Normal : Morgan Barron, Jake DeBrusk, Dawson Mercer - PP : Morgan Barron, Jake DeBrusk - PK : Dawson Mercer
Extra Defensemen
Normal : Brett Pesce, Rasmus Ristolainen, Evan Bouchard - PP : Brett Pesce - PK : Rasmus Ristolainen, Evan Bouchard
Penalty Shots
Dawson Mercer, Brock Boeser, Mikael Backlund, Boone Jenner, David Perron
Scratches
David Reinbacher (Healthy), Julien Gauthier (Healthy), Tanner Jeannot (Healthy), Dylan Holloway (Healthy)
Winnipeg Jets
5 vs 5 Forward
Center Left Wing Right Wing Time % Phy DF OF
1 Connor McDavid Alexis Lafreniere Tom Wilson 30 1 2 2
2 Connor Bedard Andre Burakovsky Jason Zucker 30 1 2 2
3 Adam Lowry Barclay Goodrow Mason Appleton 25 1 2 2
4 Ridly Greig Sam Steel Joel Armia 15 1 2 2
5 vs 5 Defense
Defense Defense Time % Phy DF OF
1 Oliver Ekman-Larsson Oliver Kylington 30 1 2 2
2 Dylan Samberg Olli Maatta 30 1 2 2
3 Brayden Pachal Olen Zellweger 25 1 2 2
4 Oliver Ekman-Larsson Oliver Kylington 15 1 2 2
PowerPlay Forward
Center Left Wing Right Wing Time % Phy DF OF
1 Connor McDavid Alexis Lafreniere Tom Wilson 50 1 2 2
2 Connor Bedard Joel Armia Mason Appleton 50 1 2 2
PowerPlay Defense
Defense Defense Time % Phy DF OF
1 Oliver Ekman-Larsson Olen Zellweger 50 1 2 2
2 Oliver Kylington Olli Maatta 50 1 2 2
Penalty Kill 4 Players Forward
Center Wing Time % Phy DF OF
1 Connor McDavid Connor Bedard 50 1 2 2
2 Alexis Lafreniere Tom Wilson 50 1 2 2
Penalty Kill 4 Players Defense
Defense Defense Time % Phy DF OF
1 Oliver Ekman-Larsson Oliver Kylington 50 1 2 2
2 Dylan Samberg Olli Maatta 50 1 2 2
Penalty Kill - 3 Players Forward
Forward Time % Phy DF OF
1 Connor McDavid 50 1 2 2
2 Connor Bedard 50 1 2 2
Penalty Kill - 3 Players Defense
Defense Defense Time % Phy DF OF
1 Oliver Ekman-Larsson Oliver Kylington 50 1 2 2
2 Dylan Samberg Olli Maatta 50 1 2 2
4 vs 4 Forward
Center Wing Time % Phy DF OF
1 Connor McDavid Connor Bedard 50 1 2 2
2 Alexis Lafreniere Tom Wilson 50 1 2 2
4 vs 4 Defense
Defense Defense Time % Phy DF OF
1 Oliver Ekman-Larsson Oliver Kylington 50 1 2 2
2 Dylan Samberg Olli Maatta 50 1 2 2
Last Minutes Offensive
Center Left Wing Right Wing Defense Defense
Connor McDavid Alexis Lafreniere Tom Wilson Oliver Ekman-Larsson Olen Zellweger
Last Minutes Defensive
Center Left Wing Right Wing Defense Defense
Connor McDavid Alexis Lafreniere Tom Wilson Oliver Ekman-Larsson Oliver Kylington
Goaltenders
Starting : Ukko-Pekka Luukkonen
Backup : Martin Jones
Extra Forwards
Normal : Ridly Greig, Adam Lowry, Jason Zucker - PP : Ridly Greig, Adam Lowry - PK : Jason Zucker
Extra Defensemen
Normal : Brayden Pachal, Olen Zellweger, Dylan Samberg - PP : Brayden Pachal - PK : Olen Zellweger, Dylan Samberg
Penalty Shots
Connor McDavid, Connor Bedard, Alexis Lafreniere, Tom Wilson, Adam Lowry
Scratches
Cam Atkinson (Healthy), Nate Schmidt (Healthy)
% Time on Ice - Edmonton Oilers
Lines # - Real PCT - Wanted PCT - Time Play
Normal Forward
1 - 29% - 30% - 10:55
2 - 26% - 30% - 9:48
3 - 24% - 25% - 9:19
4 - 21% - 15% - 8:13
Normal Defense
1 - 37% - 35% - 14:01
2 - 35% - 35% - 13:33
3 - 28% - 30% - 10:41
4 - 0% - 0% - 0:00
PP Forward
1 - 52% - 50% - 6:48
2 - 48% - 50% - 6:12
PP Defense
1 - 47% - 50% - 6:07
2 - 53% - 50% - 6:53
PK Forward
1 - 49% - 50% - 3:57
2 - 51% - 50% - 4:05
PK Defense
1 - 52% - 50% - 4:12
2 - 48% - 50% - 3:50
PK3 Forward
1 - 0% - 50%
2 - 0% - 50%
PK3 Defense
1 - 0% - 50%
2 - 0% - 50%
44 Forward
1 - 0% - 50%
2 - 0% - 50%
44 Defense
1 - 0% - 50%
2 - 0% - 50%
Last Minute Offensive - 0:43
Last Minute Defensive - 0:00
Total
Forward - 60:00
Defense - 60:00
|
% Time on Ice - Winnipeg Jets
Lines # - Real PCT - Wanted PCT - Time Play
Normal Forward
1 - 29% - 30% - 11:11
2 - 28% - 30% - 10:51
3 - 27% - 25% - 10:20
4 - 15% - 15% - 5:54
Normal Defense
1 - 31% - 30% - 12:00
2 - 32% - 30% - 12:15
3 - 27% - 25% - 10:31
4 - 9% - 15% - 3:30
PP Forward
1 - 50% - 50% - 4:03
2 - 50% - 50% - 3:59
PP Defense
1 - 51% - 50% - 4:07
2 - 49% - 50% - 3:55
PK Forward
1 - 47% - 50% - 6:08
2 - 53% - 50% - 6:52
PK Defense
1 - 49% - 50% - 6:21
2 - 51% - 50% - 6:39
PK3 Forward
1 - 0% - 50%
2 - 0% - 50%
PK3 Defense
1 - 0% - 50%
2 - 0% - 50%
44 Forward
1 - 0% - 50%
2 - 0% - 50%
44 Defense
1 - 0% - 50%
2 - 0% - 50%
Last Minute Offensive - 0:00
Last Minute Defensive - 0:42
Total
Forward - 60:00
Defense - 60:00
|
Play-by-Play
1st period
0:01 of 1st period - Mikael Backlund wins face-off versus Alexis Lafreniere in neutral zone.
0:26 of 1st period - Jeff Carter is hit by Oliver Ekman-Larsson.
0:58 of 1st period - Wrist shot by Alex Iafallo.
0:58 of 1st period - Deflect By Andre Burakovsky.
0:58 of 1st period - Stopped by Ukko-Pekka Luukkonen without a rebound.
0:59 of 1st period - Adam Lowry wins face-off versus Corey Perry in Winnipeg Jets zone.
2:26 of 1st period - Slapshot by Alex Iafallo.
2:26 of 1st period - Shot Misses the Net.
2:30 of 1st period - Wrist shot by Alex Iafallo.
2:30 of 1st period - Shot Misses the Net.
3:08 of 1st period - Slapshot by Alex Iafallo.
3:08 of 1st period - Deflect By Morgan Barron.
3:08 of 1st period - Shot Misses the Net.
3:08 of 1st period - Puck is out of play.
3:09 of 1st period - Jeff Carter wins face-off versus Connor McDavid in Winnipeg Jets zone.
3:18 of 1st period - Backhand shot by Brock Boeser.
3:18 of 1st period - Stopped by Ukko-Pekka Luukkonen without a rebound.
3:19 of 1st period - Connor McDavid wins face-off versus Jeff Carter in Winnipeg Jets zone.
3:27 of 1st period - Off-side.
3:28 of 1st period - Adam Lowry wins face-off versus Dawson Mercer in neutral zone.
5:14 of 1st period - Minor Penalty to Tom Wilson for Hooking.
5:15 of 1st period - Connor McDavid wins face-off versus Mikael Backlund in Winnipeg Jets zone.
5:41 of 1st period - Jeff Carter is hit by Connor Bedard and loses puck.
7:14 of 1st period - Penalty to Tom Wilson is over, Tom Wilson is back on ice.
7:20 of 1st period - Snap shot by Corey Perry.
7:20 of 1st period - Stopped by Ukko-Pekka Luukkonen with a rebound.
7:22 of 1st period - Snap shot by Dawson Mercer.
7:22 of 1st period - Shot Misses the Net.
7:24 of 1st period - Slapshot by Scott Mayfield.
7:24 of 1st period - Deflect By Dawson Mercer.
7:24 of 1st period - Stopped by Ukko-Pekka Luukkonen with a rebound.
8:05 of 1st period - Wrist shot by Joel Armia.
8:05 of 1st period - Stopped by Juuse Saros with a rebound.
8:07 of 1st period - Wrist shot by Sam Steel.
8:07 of 1st period - Stopped by Juuse Saros with a rebound.
8:09 of 1st period - Wrist shot by Sam Steel.
8:09 of 1st period - Shot Blocked by Scott Mayfield.
8:15 of 1st period - Minor Penalty to Corey Perry for High sticking.
8:16 of 1st period - David Perron wins face-off versus Connor McDavid in Edmonton Oilers zone.
9:44 of 1st period - Connor Bedard is hit by Mikael Backlund and loses puck.
10:15 of 1st period - Penalty to Corey Perry is over, Corey Perry is back on ice.
10:25 of 1st period - Snap shot by Boone Jenner.
10:25 of 1st period - Stopped by Ukko-Pekka Luukkonen without a rebound.
10:26 of 1st period - Ridly Greig wins face-off versus Dawson Mercer in Winnipeg Jets zone.
10:43 of 1st period - Wrist shot by Jason Zucker.
10:43 of 1st period - Deflect By Ridly Greig.
10:43 of 1st period - Stopped by Juuse Saros without a rebound.
10:44 of 1st period - Jeff Carter wins face-off versus Connor McDavid in Edmonton Oilers zone.
11:10 of 1st period - Off-side.
11:11 of 1st period - Mikael Backlund wins face-off versus Connor Bedard in neutral zone.
11:13 of 1st period - Off-side.
11:14 of 1st period - Mikael Backlund wins face-off versus Connor Bedard in neutral zone.
11:20 of 1st period - Minor Penalty to Adrian Kempe for Slashing.
11:21 of 1st period - Mikael Backlund wins face-off versus Connor Bedard in Edmonton Oilers zone.
11:30 of 1st period - Brock Boeser is hit by Oliver Ekman-Larsson and loses puck.
11:37 of 1st period - Snap shot by Joel Armia.
11:37 of 1st period - Deflect By Connor Bedard.
11:37 of 1st period - Stopped by Juuse Saros without a rebound.
11:38 of 1st period - Mikael Backlund wins face-off versus Connor McDavid in Edmonton Oilers zone.
11:55 of 1st period - Jacob Trouba is hit by Tom Wilson and loses puck.
12:06 of 1st period - Snap shot by Alexis Lafreniere.
12:06 of 1st period - Shot Misses the Net.
12:08 of 1st period - Wrist shot by Connor McDavid.
12:08 of 1st period - Goal by Connor McDavid - Edmonton Oilers : 0 - Winnipeg Jets : 1.
12:09 of 1st period - Mikael Backlund wins face-off versus Adam Lowry in neutral zone.
12:20 of 1st period - Snap shot by Mikael Backlund.
12:20 of 1st period - Shot Misses the Net.
12:26 of 1st period - Snap shot by Mikael Backlund.
12:26 of 1st period - Shot Misses the Net.
12:47 of 1st period - Minor Penalty to David Perron for Roughing.
12:48 of 1st period - Joel Armia wins face-off versus Dawson Mercer in Edmonton Oilers zone.
12:58 of 1st period - Wrist shot by Mason Appleton.
12:58 of 1st period - Stopped by Juuse Saros without a rebound.
12:59 of 1st period - Connor Bedard wins face-off versus Mikael Backlund in Edmonton Oilers zone.
14:14 of 1st period - Backhand shot by Oliver Ekman-Larsson.
14:14 of 1st period - Shot Misses the Net.
14:16 of 1st period - Slapshot by Olen Zellweger.
14:16 of 1st period - Stopped by Juuse Saros without a rebound.
14:17 of 1st period - Dawson Mercer wins face-off versus Connor Bedard in Edmonton Oilers zone.
14:47 of 1st period - Penalty to David Perron is over, David Perron is back on ice.
15:14 of 1st period - Wrist shot by Brock Boeser.
15:14 of 1st period - Stopped by Ukko-Pekka Luukkonen without a rebound.
15:15 of 1st period - Jeff Carter wins face-off versus Adam Lowry in Winnipeg Jets zone.
15:16 of 1st period - Slapshot by David Perron.
15:16 of 1st period - Stopped by Ukko-Pekka Luukkonen without a rebound.
15:17 of 1st period - Mikael Backlund wins face-off versus Adam Lowry in Winnipeg Jets zone.
15:20 of 1st period - Snap shot by Mikael Backlund.
15:20 of 1st period - Stopped by Ukko-Pekka Luukkonen without a rebound.
15:21 of 1st period - Connor McDavid wins face-off versus Mikael Backlund in Winnipeg Jets zone.
16:16 of 1st period - Wrist shot by Adam Lowry.
16:16 of 1st period - Stopped by Juuse Saros without a rebound.
16:17 of 1st period - Mikael Backlund wins face-off versus Connor McDavid in Edmonton Oilers zone.
16:28 of 1st period - Snap shot by Boone Jenner.
16:28 of 1st period - Shot Blocked by Dylan Samberg.
16:30 of 1st period - Slapshot by Scott Mayfield.
16:30 of 1st period - Stopped by Ukko-Pekka Luukkonen with a rebound.
16:32 of 1st period - Wrist shot by Adrian Kempe.
16:32 of 1st period - Stopped by Ukko-Pekka Luukkonen with a rebound.
16:34 of 1st period - Snap shot by Boone Jenner.
16:34 of 1st period - Stopped by Ukko-Pekka Luukkonen without a rebound.
16:35 of 1st period - Connor Bedard wins face-off versus Jeff Carter in Winnipeg Jets zone.
17:07 of 1st period - Wrist shot by Adrian Kempe.
17:07 of 1st period - Deflect By Mikael Backlund.
17:07 of 1st period - Shot Misses the Net.
17:07 of 1st period - Puck is out of play.
17:08 of 1st period - Mikael Backlund wins face-off versus Adam Lowry in Winnipeg Jets zone.
17:19 of 1st period - Wrist shot by Mikael Backlund.
17:19 of 1st period - Shot Blocked by Adam Lowry.
17:42 of 1st period - Wrist shot by Andre Burakovsky.
17:42 of 1st period - Deflect By Connor Bedard.
17:42 of 1st period - Shot Misses the Net.
17:42 of 1st period - Puck is out of play.
17:43 of 1st period - Connor McDavid wins face-off versus Jeff Carter in Edmonton Oilers zone.
17:46 of 1st period - Slapshot by Tom Wilson.
17:46 of 1st period - Stopped by Juuse Saros without a rebound.
17:47 of 1st period - Connor McDavid wins face-off versus Jeff Carter in Edmonton Oilers zone.
17:52 of 1st period - Wrist shot by Connor McDavid.
17:52 of 1st period - Stopped by Juuse Saros with a rebound.
18:02 of 1st period - Connor McDavid is hit by Brock Boeser and loses puck.
18:15 of 1st period - Wrist shot by Adrian Kempe.
18:15 of 1st period - Shot Misses the Net.
18:17 of 1st period - Snap shot by Boone Jenner.
18:17 of 1st period - Shot Blocked by Tom Wilson.
18:19 of 1st period - Slapshot by Jacob Trouba.
18:19 of 1st period - Deflect By Adrian Kempe.
18:19 of 1st period - Goal by Adrian Kempe - Edmonton Oilers : 1 - Winnipeg Jets : 1.
18:20 of 1st period - Connor Bedard wins face-off versus Jake DeBrusk in neutral zone.
18:25 of 1st period - Wrist shot by Andre Burakovsky.
18:25 of 1st period - Shot Misses the Net.
18:42 of 1st period - Icing by Olli Maatta.
18:43 of 1st period - Connor Bedard wins face-off versus Mikael Backlund in Winnipeg Jets zone.
18:43 of 1st period - Connor Bedard is hit by Rasmus Ristolainen.
18:55 of 1st period - Snap shot by Adam Lowry.
18:55 of 1st period - Shot Misses the Net.
19:20 of 1st period - Wrist shot by Jake DeBrusk.
19:20 of 1st period - Stopped by Ukko-Pekka Luukkonen with a rebound.
19:22 of 1st period - Wrist shot by Rasmus Ristolainen.
19:22 of 1st period - Stopped by Ukko-Pekka Luukkonen without a rebound.
19:23 of 1st period - Jeff Carter wins face-off versus Connor Bedard in Winnipeg Jets zone.
19:30 of 1st period - Slapshot by David Perron.
19:30 of 1st period - Stopped by Ukko-Pekka Luukkonen without a rebound.
19:31 of 1st period - Jeff Carter wins face-off versus Connor Bedard in Winnipeg Jets zone.
19:38 of 1st period - Snap shot by David Perron.
19:38 of 1st period - Stopped by Ukko-Pekka Luukkonen with a rebound.
19:56 of 1st period - Oliver Ekman-Larsson is hit by Scott Mayfield and loses puck.
Goals for this period are 1 for Edmonton Oilers vs 1 for Winnipeg Jets.
Shots for this period are 16 for Edmonton Oilers vs 10 for Winnipeg Jets.
2nd period
0:01 of 2nd period - Mikael Backlund wins face-off versus Connor McDavid in neutral zone.
0:12 of 2nd period - Slapshot by Tom Wilson.
0:12 of 2nd period - Stopped by Juuse Saros with a rebound.
0:14 of 2nd period - Snap shot by Oliver Kylington.
0:14 of 2nd period - Shot Blocked by Mikael Backlund.
0:16 of 2nd period - Slapshot by Tom Wilson.
0:16 of 2nd period - Stopped by Juuse Saros without a rebound.
0:17 of 2nd period - Adam Lowry wins face-off versus Dawson Mercer in Edmonton Oilers zone.
0:28 of 2nd period - Wrist shot by Adam Lowry.
0:28 of 2nd period - Shot Misses the Net.
0:30 of 2nd period - Snap shot by Barclay Goodrow.
0:30 of 2nd period - Stopped by Juuse Saros with a rebound.
0:44 of 2nd period - Jeff Carter is hit by Andre Burakovsky and loses puck.
0:53 of 2nd period - Slapshot by Andre Burakovsky.
0:53 of 2nd period - Goal by Andre Burakovsky - Edmonton Oilers : 1 - Winnipeg Jets : 2.
0:54 of 2nd period - Tom Wilson wins face-off versus Mikael Backlund in neutral zone.
1:45 of 2nd period - Rasmus Ristolainen is hit by Barclay Goodrow.
1:51 of 2nd period - Snap shot by Mason Appleton.
1:51 of 2nd period - Shot Blocked by Rasmus Ristolainen.
2:09 of 2nd period - Snap shot by Joel Armia.
2:09 of 2nd period - Shot Blocked by Evan Bouchard.
2:11 of 2nd period - Wrist shot by Joel Armia.
2:11 of 2nd period - Stopped by Juuse Saros with a rebound.
2:13 of 2nd period - Slapshot by Dylan Samberg.
2:13 of 2nd period - Shot Misses the Net.
2:35 of 2nd period - Wrist shot by Boone Jenner.
2:35 of 2nd period - Stopped by Ukko-Pekka Luukkonen without a rebound.
2:36 of 2nd period - Adrian Kempe wins face-off versus Connor Bedard in Winnipeg Jets zone.
2:37 of 2nd period - Wrist shot by Mikael Backlund.
2:37 of 2nd period - Shot Misses the Net.
2:39 of 2nd period - Backhand shot by Brandon Carlo.
2:39 of 2nd period - Shot Blocked by Connor Bedard.
2:41 of 2nd period - Wrist shot by Mikael Backlund.
2:41 of 2nd period - Stopped by Ukko-Pekka Luukkonen with a rebound.
3:23 of 2nd period - Snap shot by Dawson Mercer.
3:23 of 2nd period - Shot Blocked by Olen Zellweger.
4:27 of 2nd period - Minor Penalty to Oliver Kylington for High sticking.
4:28 of 2nd period - Connor McDavid wins face-off versus Jeff Carter in Winnipeg Jets zone.
4:28 of 2nd period - Connor McDavid is hit by Brett Pesce.
4:41 of 2nd period - Snap shot by Brock Boeser.
4:41 of 2nd period - Shot Misses the Net.
4:43 of 2nd period - Snap shot by Brock Boeser.
4:43 of 2nd period - Stopped by Ukko-Pekka Luukkonen with a rebound.
5:27 of 2nd period - Wrist shot by Adrian Kempe.
5:27 of 2nd period - Stopped by Ukko-Pekka Luukkonen without a rebound.
5:28 of 2nd period - Jeff Carter wins face-off versus Connor McDavid in Winnipeg Jets zone.
6:27 of 2nd period - Penalty to Oliver Kylington is over, Oliver Kylington is back on ice.
7:22 of 2nd period - Snap shot by Mikael Backlund.
7:22 of 2nd period - Stopped by Ukko-Pekka Luukkonen with a rebound.
7:39 of 2nd period - Minor Penalty to Corey Perry for Delaying the game.
7:40 of 2nd period - Connor McDavid wins face-off versus Mikael Backlund in Edmonton Oilers zone.
7:54 of 2nd period - Mikael Backlund is hit by Tom Wilson.
8:34 of 2nd period - Alexis Lafreniere is hit by Rasmus Ristolainen and loses puck.
9:39 of 2nd period - Penalty to Corey Perry is over, Corey Perry is back on ice.
9:57 of 2nd period - Wrist shot by Barclay Goodrow.
9:57 of 2nd period - Shot Misses the Net.
10:11 of 2nd period - Rasmus Ristolainen is hit by Connor Bedard and loses puck.
10:54 of 2nd period - Adam Lowry is hit by Brock Boeser and loses puck.
11:07 of 2nd period - Jacob Trouba is hit by Connor McDavid and loses puck.
11:39 of 2nd period - Slapshot by David Perron.
11:39 of 2nd period - Shot Misses the Net.
11:55 of 2nd period - Brayden Pachal is hit by Dawson Mercer and loses puck.
12:13 of 2nd period - Corey Perry is hit by Barclay Goodrow and loses puck.
12:31 of 2nd period - Oliver Ekman-Larsson is hit by Mikael Backlund and loses puck.
12:55 of 2nd period - Dylan Samberg is hit by Brandon Carlo and loses puck.
13:29 of 2nd period - Jacob Trouba is hit by Andre Burakovsky and loses puck.
13:42 of 2nd period - Scott Mayfield is hit by Adam Lowry and loses puck.
14:09 of 2nd period - Minor Penalty to Brayden Pachal for Delaying the game.
14:10 of 2nd period - Mikael Backlund wins face-off versus Connor Bedard in Winnipeg Jets zone.
14:13 of 2nd period - Wrist shot by Mikael Backlund.
14:13 of 2nd period - Stopped by Ukko-Pekka Luukkonen with a rebound.
14:15 of 2nd period - Slapshot by Brandon Carlo.
14:15 of 2nd period - Shot Misses the Net.
14:24 of 2nd period - Icing by Mikael Backlund.
14:25 of 2nd period - Boone Jenner wins face-off versus Alexis Lafreniere in Edmonton Oilers zone.
14:56 of 2nd period - Snap shot by Boone Jenner.
14:56 of 2nd period - Shot Blocked by Oliver Ekman-Larsson.
14:58 of 2nd period - Snap shot by Jacob Trouba.
14:58 of 2nd period - Goal by Jacob Trouba - Edmonton Oilers : 2 - Winnipeg Jets : 2.
14:59 of 2nd period - Connor Bedard wins face-off versus Jeff Carter in neutral zone.
15:30 of 2nd period - Snap shot by Tom Wilson.
15:30 of 2nd period - Shot Misses the Net.
15:54 of 2nd period - Snap shot by Barclay Goodrow.
15:54 of 2nd period - Stopped by Juuse Saros without a rebound.
15:55 of 2nd period - Jeff Carter wins face-off versus Connor Bedard in Edmonton Oilers zone.
16:09 of 2nd period - Slapshot by Brayden Pachal.
16:09 of 2nd period - Shot Misses the Net.
16:47 of 2nd period - Olen Zellweger is hit by Rasmus Ristolainen and loses puck.
16:50 of 2nd period - Snap shot by Barclay Goodrow.
16:50 of 2nd period - Shot Misses the Net.
16:52 of 2nd period - Slapshot by Olen Zellweger.
16:52 of 2nd period - Stopped by Juuse Saros with a rebound.
16:54 of 2nd period - Snap shot by Adam Lowry.
16:54 of 2nd period - Shot Blocked by Brett Pesce.
16:56 of 2nd period - Snap shot by Barclay Goodrow.
16:56 of 2nd period - Shot Misses the Net.
17:02 of 2nd period - Minor Penalty to Jake DeBrusk for High sticking.
17:03 of 2nd period - David Perron wins face-off versus Connor Bedard in Edmonton Oilers zone.
17:32 of 2nd period - Off-side.
17:33 of 2nd period - Connor McDavid wins face-off versus Mikael Backlund in neutral zone.
17:36 of 2nd period - Slapshot by Oliver Ekman-Larsson.
17:36 of 2nd period - Deflect By Boone Jenner.
17:36 of 2nd period - Goal by Oliver Ekman-Larsson - Edmonton Oilers : 2 - Winnipeg Jets : 3.
17:37 of 2nd period - Connor Bedard wins face-off versus Jeff Carter in neutral zone.
17:47 of 2nd period - Minor Penalty to Jason Zucker for Tripping.
17:48 of 2nd period - Jeff Carter wins face-off versus Connor McDavid in Winnipeg Jets zone.
18:02 of 2nd period - Wrist shot by David Perron.
18:02 of 2nd period - Shot Misses the Net.
18:04 of 2nd period - Slapshot by Brett Pesce.
18:04 of 2nd period - Goal by Brett Pesce - Edmonton Oilers : 3 - Winnipeg Jets : 3.
18:05 of 2nd period - Connor McDavid wins face-off versus Jeff Carter in neutral zone.
18:07 of 2nd period - Off-side.
18:08 of 2nd period - Connor McDavid wins face-off versus Jeff Carter in neutral zone.
18:41 of 2nd period - Wrist shot by Adrian Kempe.
18:41 of 2nd period - Stopped by Ukko-Pekka Luukkonen with a rebound.
19:57 of 2nd period - Slapshot by Connor McDavid.
19:57 of 2nd period - Stopped by Juuse Saros without a rebound.
19:58 of 2nd period - Connor McDavid wins face-off versus Mikael Backlund in Edmonton Oilers zone.
Goals for this period are 2 for Edmonton Oilers vs 2 for Winnipeg Jets.
Shots for this period are 9 for Edmonton Oilers vs 9 for Winnipeg Jets.
3rd period
0:01 of 3rd period - Connor McDavid wins face-off versus Mikael Backlund in neutral zone.
0:52 of 3rd period - Snap shot by Adam Lowry.
0:52 of 3rd period - Stopped by Juuse Saros with a rebound.
1:14 of 3rd period - Snap shot by Ryan McLeod.
1:14 of 3rd period - Shot Misses the Net.
1:16 of 3rd period - Wrist shot by Brandon Carlo.
1:16 of 3rd period - Shot Misses the Net.
1:50 of 3rd period - Snap shot by Jeff Carter.
1:50 of 3rd period - Shot Hit the Post.
1:59 of 3rd period - Minor Penalty to Brayden Pachal for Hooking.
2:00 of 3rd period - Jeff Carter wins face-off versus Connor McDavid in Winnipeg Jets zone.
2:06 of 3rd period - Snap shot by David Perron.
2:06 of 3rd period - Stopped by Ukko-Pekka Luukkonen with a rebound.
3:02 of 3rd period - Connor Bedard is hit by Evan Bouchard and loses puck.
3:14 of 3rd period - Icing by Adrian Kempe.
3:15 of 3rd period - Connor McDavid wins face-off versus Mikael Backlund in Edmonton Oilers zone.
3:59 of 3rd period - Penalty to Brayden Pachal is over, Brayden Pachal is back on ice.
4:09 of 3rd period - Alexis Lafreniere is hit by Morgan Barron and loses puck.
4:18 of 3rd period - Slapshot by Tom Wilson.
4:18 of 3rd period - Shot Misses the Net.
4:20 of 3rd period - Slapshot by Dylan Samberg.
4:20 of 3rd period - Stopped by Juuse Saros with a rebound.
4:22 of 3rd period - Slapshot by Dylan Samberg.
4:22 of 3rd period - Shot Misses the Net.
4:24 of 3rd period - Slapshot by Olli Maatta.
4:24 of 3rd period - Stopped by Juuse Saros with a rebound.
4:26 of 3rd period - Snap shot by Tom Wilson.
4:26 of 3rd period - Stopped by Juuse Saros without a rebound.
4:27 of 3rd period - Adam Lowry wins face-off versus Dawson Mercer in Edmonton Oilers zone.
4:57 of 3rd period - Slapshot by Brock Boeser.
4:57 of 3rd period - Stopped by Ukko-Pekka Luukkonen with a rebound.
4:59 of 3rd period - Snap shot by Jeff Carter.
4:59 of 3rd period - Stopped by Ukko-Pekka Luukkonen with a rebound.
5:01 of 3rd period - Snap shot by Brock Boeser.
5:01 of 3rd period - Stopped by Ukko-Pekka Luukkonen with a rebound.
5:13 of 3rd period - Snap shot by Ridly Greig.
5:13 of 3rd period - Stopped by Juuse Saros with a rebound.
5:15 of 3rd period - Snap shot by Joel Armia.
5:15 of 3rd period - Shot Misses the Net.
5:17 of 3rd period - Backhand shot by Oliver Ekman-Larsson.
5:17 of 3rd period - Shot Blocked by Brett Pesce.
5:19 of 3rd period - Slapshot by Sam Steel.
5:19 of 3rd period - Stopped by Juuse Saros with a rebound.
5:21 of 3rd period - Slapshot by Oliver Kylington.
5:21 of 3rd period - Shot Blocked by Brett Pesce.
5:23 of 3rd period - Snap shot by Oliver Kylington.
5:23 of 3rd period - Stopped by Juuse Saros with a rebound.
5:29 of 3rd period - Minor Penalty to Adrian Kempe for Boarding.
5:30 of 3rd period - David Perron wins face-off versus Connor McDavid in Edmonton Oilers zone.
6:10 of 3rd period - Slapshot by Oliver Ekman-Larsson.
6:10 of 3rd period - Shot Blocked by Brandon Carlo.
6:12 of 3rd period - Slapshot by Olen Zellweger.
6:12 of 3rd period - Goal by Olen Zellweger - Edmonton Oilers : 3 - Winnipeg Jets : 4.
6:13 of 3rd period - Connor McDavid wins face-off versus Jeff Carter in neutral zone.
6:18 of 3rd period - Wrist shot by Alexis Lafreniere.
6:18 of 3rd period - Stopped by Juuse Saros without a rebound.
6:19 of 3rd period - Jeff Carter wins face-off versus Connor McDavid in Edmonton Oilers zone.
6:26 of 3rd period - Slapshot by Evan Bouchard.
6:26 of 3rd period - Shot Misses the Net.
6:34 of 3rd period - Slapshot by Tom Wilson.
6:34 of 3rd period - Stopped by Juuse Saros with a rebound.
6:36 of 3rd period - Slapshot by Dylan Samberg.
6:36 of 3rd period - Stopped by Juuse Saros without a rebound.
6:37 of 3rd period - Mikael Backlund wins face-off versus Adam Lowry in Edmonton Oilers zone.
6:46 of 3rd period - Slapshot by Brandon Carlo.
6:46 of 3rd period - Shot Misses the Net.
6:55 of 3rd period - Minor Penalty to Oliver Ekman-Larsson for Tripping.
6:56 of 3rd period - Jeff Carter wins face-off versus Connor McDavid in Winnipeg Jets zone.
6:58 of 3rd period - Wrist shot by Brock Boeser.
6:58 of 3rd period - Shot Blocked by Connor Bedard.
7:10 of 3rd period - Snap shot by David Perron.
7:10 of 3rd period - Shot Blocked by Dylan Samberg.
7:28 of 3rd period - Snap shot by Connor McDavid.
7:28 of 3rd period - Shot Misses the Net.
7:34 of 3rd period - Olen Zellweger is hit by Boone Jenner and loses puck.
8:32 of 3rd period - Connor McDavid is hit by Boone Jenner and loses puck.
8:55 of 3rd period - Penalty to Oliver Ekman-Larsson is over, Oliver Ekman-Larsson is back on ice.
9:00 of 3rd period - Connor Bedard is hit by Corey Perry and loses puck.
9:44 of 3rd period - Olli Maatta is hit by Dawson Mercer and loses puck.
10:11 of 3rd period - Minor Penalty to Brayden Pachal for Boarding.
10:12 of 3rd period - Alexis Lafreniere wins face-off versus Jeff Carter in Winnipeg Jets zone.
10:12 of 3rd period - Alexis Lafreniere is hit by Jeff Carter.
11:35 of 3rd period - Dylan Samberg is hit by Mikael Backlund and loses puck.
12:01 of 3rd period - Icing by Boone Jenner.
12:02 of 3rd period - Tom Wilson wins face-off versus Jeff Carter in Edmonton Oilers zone.
12:11 of 3rd period - Penalty to Brayden Pachal is over, Brayden Pachal is back on ice.
12:27 of 3rd period - Snap shot by Mason Appleton.
12:27 of 3rd period - Deflect By Adam Lowry.
12:27 of 3rd period - Shot Misses the Net.
12:27 of 3rd period - Puck is out of play.
12:28 of 3rd period - Ryan McLeod wins face-off versus Adam Lowry in Edmonton Oilers zone.
12:33 of 3rd period - Slapshot by Jacob Trouba.
12:33 of 3rd period - Stopped by Ukko-Pekka Luukkonen without a rebound.
12:34 of 3rd period - Ryan McLeod wins face-off versus Adam Lowry in Winnipeg Jets zone.
12:49 of 3rd period - Snap shot by Adam Lowry.
12:49 of 3rd period - Shot Blocked by Morgan Barron.
13:08 of 3rd period - Slapshot by Brandon Carlo.
13:08 of 3rd period - Deflect By Connor Bedard.
13:08 of 3rd period - Stopped by Ukko-Pekka Luukkonen with a rebound.
13:10 of 3rd period - Slapshot by Brandon Carlo.
13:10 of 3rd period - Stopped by Ukko-Pekka Luukkonen without a rebound.
13:11 of 3rd period - Mikael Backlund wins face-off versus Alexis Lafreniere in Winnipeg Jets zone.
13:12 of 3rd period - Snap shot by Adrian Kempe.
13:12 of 3rd period - Shot Blocked by Olli Maatta.
13:48 of 3rd period - Icing by Evan Bouchard.
13:49 of 3rd period - Mikael Backlund wins face-off versus Connor Bedard in Edmonton Oilers zone.
14:09 of 3rd period - Snap shot by Adrian Kempe.
14:09 of 3rd period - Stopped by Ukko-Pekka Luukkonen without a rebound.
14:10 of 3rd period - Connor McDavid wins face-off versus Jeff Carter in Winnipeg Jets zone.
14:37 of 3rd period - Connor Bedard is hit by Jake DeBrusk and loses puck.
15:14 of 3rd period - Jacob Trouba is hit by Olen Zellweger and loses puck.
15:27 of 3rd period - Wrist shot by Adam Lowry.
15:27 of 3rd period - Shot Misses the Net.
15:50 of 3rd period - Jacob Trouba is hit by Adam Lowry and loses puck.
16:13 of 3rd period - Wrist shot by Mason Appleton.
16:13 of 3rd period - Deflect By Alex Iafallo.
16:13 of 3rd period - Stopped by Juuse Saros without a rebound.
16:14 of 3rd period - Ridly Greig wins face-off versus Jake DeBrusk in Edmonton Oilers zone.
16:23 of 3rd period - Slapshot by Joel Armia.
16:23 of 3rd period - Stopped by Juuse Saros without a rebound.
16:24 of 3rd period - Dawson Mercer wins face-off versus Ridly Greig in Edmonton Oilers zone.
16:33 of 3rd period - Snap shot by Dawson Mercer.
16:33 of 3rd period - Stopped by Ukko-Pekka Luukkonen with a rebound.
16:35 of 3rd period - Snap shot by Dawson Mercer.
16:35 of 3rd period - Shot Misses the Net.
16:37 of 3rd period - Snap shot by Dawson Mercer.
16:37 of 3rd period - Shot Blocked by Ridly Greig.
16:39 of 3rd period - Snap shot by Corey Perry.
16:39 of 3rd period - Stopped by Ukko-Pekka Luukkonen without a rebound.
16:40 of 3rd period - Adrian Kempe wins face-off versus Tom Wilson in Winnipeg Jets zone.
17:03 of 3rd period - Minor Penalty to Tom Wilson for Elbowing.
17:04 of 3rd period - Connor McDavid wins face-off versus Jeff Carter in Winnipeg Jets zone.
17:04 of 3rd period - Connor McDavid is hit by Brock Boeser.
19:03 of 3rd period - Penalty to Tom Wilson is over, Tom Wilson is back on ice.
19:28 of 3rd period - Wrist shot by Tom Wilson.
19:28 of 3rd period - Stopped by Juuse Saros without a rebound.
19:29 of 3rd period - Jon Cooper call a timeout for Edmonton Oilers.
19:29 of 3rd period - Morgan Barron wins face-off versus Alexis Lafreniere in Edmonton Oilers zone.
19:38 of 3rd period - Wrist shot by Connor McDavid.
19:38 of 3rd period - Shot Hit the Post.
19:40 of 3rd period - Slapshot by Oliver Kylington.
19:40 of 3rd period - Stopped by Juuse Saros without a rebound.
19:41 of 3rd period - Connor McDavid wins face-off versus Morgan Barron in Edmonton Oilers zone.
19:54 of 3rd period - Snap shot by Tom Wilson.
19:54 of 3rd period - Goal by Tom Wilson - Edmonton Oilers : 3 - Winnipeg Jets : 5.
19:55 of 3rd period - Dawson Mercer wins face-off versus Adam Lowry in neutral zone.
19:57 of 3rd period - Off-side.
19:58 of 3rd period - Adam Lowry wins face-off versus Corey Perry in neutral zone.
Goals for this period are 0 for Edmonton Oilers vs 2 for Winnipeg Jets.
Shots for this period are 10 for Edmonton Oilers vs 16 for Winnipeg Jets.
Back to the Top